cohdb
Replays
Latest Replays
All Replays
Popular Replays
Top Player Replays
Match Explorer
How It Works
Community
CoH3 Stats
Reddit
Sign in to upload your games and track your stats! →
Sign in with Steam
Match 43849388
Unlisted
Match 43849388
Overview
Messages
Build Orders
End
Engineer Squad
Construct Barracks
Riflemen Squad
M1 Mortar Team
Construct Medical Station
Riflemen Squad
Infantry Support Center
Construct Tank Depot
Selects Armored Battlegroup
Selects Veteran Crews
Selects Fast Deploy
Selects Seek and Destroy
Selects UNKNOWN (2160077)
M4A3E8 Sherman Easy Eight
Selects M31 Recovery Vehicle
M31 Recovery Vehicle
M4A3E8 Sherman Easy Eight
Grenade Package
M4A3E8 Sherman Easy Eight
M4A3E8 Sherman Easy Eight
Seek and Destroy
Seek and Destroy
孤城叶枫
Arturokq
Magrigno
mRk
0
0
Comments
sign in to comment!
No comments posted yet!